AoeStats
← Yougotmeeshed

Fortress

508311401Analyzed
4v4 RM · 10d ago on Sep 21, 2026· 72m 0s· 8 players
Game mode
Random Map
Map size
Huge
Population
200
Speed
Normal
Resources
Standard
Victory
Conquest
Starting age
Dark Age
Ending age
Imperial Age
RankedLock teamsTeams togetherTeam positionsShared explorationLock speedFull tech treeHidden civsTurbo modeCheats
Victory
Defeat
🇳🇴 Franks · Norway
1513
+16
🇬🇧 Sicilians · United Kingdom
1495
+16
🇺🇸 Muisca · United States
1340
+22
🇮🇳 Vikings · India
1329
+23
🇨🇱 Burgundians · Chile
1532
-21
🇹🇷 Dravidians · Türkiye
1522
-20
🇻🇳 Burmese · Vietnam
1477
-19
🇲🇽 Romans · Mexico
1444
-17
robecha18
5:16 Loom
7:21 Feudal Age
8:10 Double-Bit Axe
9:14 Horse Collar
12:43 Castle Age
14:57 Bow Saw
17:56 Wheelbarrow
21:06 Fervor
21:24 Hand Cart
22:15 Heavy Plow
22:42 Gold Mining
23:20 Forging
23:16 Scale Barding Armor
28:13 Imperial Age
26:30 Light Cavalry
27:23 Bloodlines
27:13 Husbandry
29:12 Chain Barding Armor
29:28 Iron Casting
29:29 Conscription
29:16 Ballistas
28:38 Heavy Scorpion
29:08 Capped Ram
31:07 Plate Barding Armor
32:25 Chemistry
31:54 Elite Centurion
33:11 Town Watch
33:33 Caravan
34:50 Blast Furnace
34:09 Siege Ram
36:49 Scale Mail Armor
36:12 Man-at-Arms
36:53 Squires
36:44 Long Swordsman
37:47 Legionary
38:51 Chain Mail Armor
38:29 Fletching
39:28 Pikeman
42:48 Ballistics
42:39 Masonry
42:25 Murder Holes
41:58 Halberdier
42:52 Padded Archer Armor
46:55 Siege Engineers
47:21 Architecture
48:59 Guilds
49:20 Coinage
50:22 Comitatenses
55:36 Light Cavalry
55:37 Cavalier
57:14 Crop Rotation
58:58 Onager
68:29 Bodkin Arrow
thanh7531
7:09 Feudal Age
6:45 Loom
12:17 Castle Age
11:04 Horse Collar
13:13 Wheelbarrow
12:24 Town Watch
16:28 Caravan
25:58 Imperial Age
24:44 Hand Cart
25:51 Padded Archer Armor
26:17 Elite Arambai
28:10 Husbandry
28:22 Bloodlines
28:30 Fletching
29:39 Conscription
30:45 Guilds
30:59 Bodkin Arrow
35:51 Elite Battle Elephant
36:34 Town Patrol
36:42 Scale Barding Armor
36:48 Forging
37:26 Howdah
39:56 Iron Casting
39:42 Chain Barding Armor
50:56 Fortified Wall
52:13 Plate Barding Armor
58:41 Blast Furnace
62:06 Light Cavalry
65:56 Hussar
imenek
7:57 Feudal Age
11:40 Castle Age
10:03 Horse Collar
10:16 Double-Bit Axe
13:15 Bow Saw
15:05 Loom
17:33 Wheelbarrow
19:55 Heavy Plow
20:58 Gold Mining
22:27 Hand Cart
23:13 Town Watch
26:44 Imperial Age
24:20 Fletching
25:03 Thumb Ring
25:40 Padded Archer Armor
26:33 Bodkin Arrow
27:13 Leather Archer Armor
27:31 Bracer
28:12 Conscription
28:35 Elite Elephant Archer
29:45 Ballistics
30:26 Chemistry
29:53 Husbandry
31:05 Ring Archer Armor
31:31 Wootz Steel
32:12 Masonry
32:10 Scale Barding Armor
32:16 Forging
33:16 Coinage
34:02 Chain Barding Armor
34:18 Iron Casting
34:19 Onager
35:24 Bombard Tower
35:09 Caravan
35:25 Light Cavalry
37:32 Blast Furnace
44:25 Elite Skirmisher
48:50 Two-Man Saw
50:08 Two-Man Saw
51:20 Siege Onager
55:13 Banking
66:00 Town Patrol
Kerjo
7:10 Feudal Age
12:31 Castle Age
10:26 Double-Bit Axe
11:18 Bow Saw
11:00 Horse Collar
12:57 Heavy Plow
13:57 Husbandry
16:47 Scale Barding Armor
19:27 Wheelbarrow
19:59 Chain Barding Armor
19:40 Loom
20:04 Cavalier
23:59 Town Watch
27:00 Imperial Age
26:44 Padded Archer Armor
27:07 Hand Cart
28:50 Chemistry
29:23 Leather Archer Armor
29:51 Crop Rotation
29:59 Scale Mail Armor
29:51 Fletching
32:07 Ballistics
31:42 Paladin
32:58 Plate Barding Armor
32:34 Forging
32:32 Pikeman
33:12 Squires
33:29 Chain Mail Armor
34:08 Halberdier
39:35 Caravan
41:27 Arson
43:06 Capped Ram
46:06 Gold Mining
49:19 Iron Casting
49:15 Plate Mail Armor
52:15 Blast Furnace
53:55 Light Cavalry
54:44 Hussar
68:11 Bodkin Arrow
Meesh
10:08 Feudal Age
14:24 Castle Age
12:22 Horse Collar
12:30 Double-Bit Axe
13:45 Gold Mining
13:47 Stone Mining
15:31 Heavy Plow
15:41 Bow Saw
15:49 Bow Saw
16:17 Wheelbarrow
16:01 Loom
22:42 Hand Cart
27:11 Imperial Age
24:52 Squires
25:33 Fletching
25:43 Padded Archer Armor
25:36 Town Watch
28:46 Conscription
28:23 Bodkin Arrow
28:43 Leather Archer Armor
29:38 Chemistry
29:15 Bracer
30:37 Ballistics
30:05 Elite Guecha Warrior
31:32 Elite Skirmisher
32:59 Thumb Ring
34:09 Two-Man Saw
34:13 Scale Mail Armor
34:23 Forging
35:23 Chain Mail Armor
34:31 Elite Temple Guard
35:05 Elite Temple Guard
36:22 Iron Casting
37:53 Capped Ram
40:48 Squires
40:17 Pikeman
50:11 Plate Mail Armor
58:56 Onager
59:15 Onager
61:01 Siege Onager
73:06 Gold Shaft Mining
73:06 Stone Shaft Mining
meeshgratorpro
7:16 Feudal Age
11:08 Castle Age
9:08 Horse Collar
9:28 Double-Bit Axe
13:49 Bow Saw
14:17 Heavy Plow
18:36 Wheelbarrow
19:41 Gold Mining
19:41 Stone Mining
19:54 Stone Mining
24:26 Imperial Age
22:05 Loom
22:06 Town Watch
23:22 Hand Cart
23:44 Gold Shaft Mining
23:12 Gambesons
23:28 Squires
23:38 Scale Mail Armor
23:50 Forging
23:30 Pikeman
25:23 Halberdier
25:23 Man-at-Arms
25:49 Arson
26:57 Conscription
27:46 Iron Casting
27:26 Chain Mail Armor
27:04 Fletching
27:40 Ballistics
27:30 Onager
28:13 Long Swordsman
29:52 Plate Mail Armor
30:23 Blast Furnace
30:21 Siege Engineers
30:22 Bodkin Arrow
30:24 Elite Serjeant
30:46 Capped Ram
31:50 Siege Ram
33:37 First Crusade
34:50 Two-Handed Swordsman
35:44 Caravan
35:42 Siege Onager
36:37 Bracer
36:26 Arrowslits
37:47 Chemistry
36:58 Masonry
36:46 Champion
38:06 Coinage
40:53 Guilds
41:14 Banking
40:51 Heavy Scorpion
Yougotmeeshed
7:11 Feudal Age
10:50 Castle Age
9:36 Double-Bit Axe
12:58 Bow Saw
17:52 Loom
18:51 Wheelbarrow
19:32 Gold Mining
20:03 Town Watch
20:55 Hand Cart
21:04 Pikeman
21:45 Squires
21:46 Scale Mail Armor
22:19 Fortified Wall
22:57 Chain Mail Armor
26:50 Imperial Age
25:10 Forging
25:21 Scale Barding Armor
27:34 Iron Casting
27:19 Chain Barding Armor
27:05 Husbandry
26:25 Light Cavalry
26:58 Cavalier
27:53 Chivalry
28:13 Conscription
30:03 Chemistry
29:50 Plate Barding Armor
29:03 Paladin
32:23 Blast Furnace
33:23 Caravan
45:21 Halberdier
46:53 Plate Mail Armor
48:05 Coinage
50:17 Banking
50:44 Fletching
51:05 Siege Engineers
51:11 Masonry
54:14 Bodkin Arrow
58:49 Arson
58:50 Gambesons
69:11 Padded Archer Armor
69:40 Ballistics
69:53 Architecture
Amlan73
8:17 Feudal Age
9:02 Double-Bit Axe
12:01 Castle Age
11:24 Loom
11:25 Horse Collar
13:17 Bow Saw
18:08 Town Watch
18:37 Heavy Plow
24:23 Imperial Age
21:47 Gold Mining
22:00 Stone Mining
22:41 Forging
22:33 Scale Mail Armor
22:39 Man-at-Arms
23:19 Squires
23:05 Arson
23:08 Gambesons
24:01 Iron Casting
24:23 Long Swordsman
25:20 Chain Mail Armor
26:23 Blast Furnace
25:45 Conscription
25:16 Two-Handed Swordsman
26:13 Chieftains
26:59 Plate Mail Armor
26:24 Champion
27:29 Pikeman
29:46 Fletching
29:57 Padded Archer Armor
30:48 Elite Berserk
30:53 Elite Skirmisher
31:30 Bodkin Arrow
31:51 Leather Archer Armor
36:12 Ring Archer Armor
36:17 Town Patrol
40:37 Caravan
42:46 Ballistics
43:29 Chemistry
47:03 Coinage
47:59 Capped Ram
54:47 Two-Man Saw
55:24 Banking
56:59 Crop Rotation
56:50 Bracer
66:51 Sappers
67:03 Treadmill Crane
67:19 Murder Holes
67:35 Masonry
68:23 Scale Barding Armor
68:10 Siege Ram
Connection lost

Rejoining the realm…

Still unreachable

The connection could not be restored.

Session expired

The server has moved on; the page needs a fresh start.